 Dungeon Crawl Stone Soup version 0.19-a0-96-gda1d387 (webtiles) character file.

273 AlphabetPasta the Cudgeler (level 6, 0/43 HPs)
             Began as an Octopode Berserker on May 16, 2016.
             Was a Priest of Trog.
             Killed from afar by Sigmund (10 damage)
             ... with a puff of flame
             ... on level 3 of the Dungeon.
             The game lasted 00:13:14 (2420 turns).

AlphabetPasta the Cudgeler (Octopode Berserker)     Turns: 2420, Time: 00:13:15

Health: 0/43       AC:  1    Str: 19    XL:     6   Next: 24%
Magic:  6/6        EV: 13    Int:  9    God:    Trog [***...]
Gold:   139        SH:  0    Dex: 11    Spells: 0 memorised, 5 levels left

rFire  . . .     SeeInvis .     r - +0 flail
rCold  . . .     Gourm    .     (no shield)
rNeg   . . .     Faith    .     (helmet restricted)
rPois  .         Spirit   .     (no amulet)
rElec  .         Dismiss  .     (no ring)
rCorr  .         Reflect  .     (no ring)
SustAt .         Harm     .     (no ring)
MR     .....                    (no ring)
Stlth  ++........               (no ring)
                                (no ring)
                                (no ring)
                                (no ring)

@: confused, lethally poisoned (0 -> -5), not resistant to hostile enchantments,
unstealthy
A: almost no armour, amphibious, 8 rings, constrict 8, camouflage 1, gelatinous
body 1
a: Berserk, Trog's Hand, Burn Spellbooks, Renounce Religion


You were on level 3 of the Dungeon.
You worshipped Trog.
Trog was most pleased with you.
You were not hungry.

You visited 1 branch of the dungeon, and saw 3 of its levels.

You collected 139 gold pieces.

Inventory:

Hand Weapons
 a - a +0 mace
 p - a +1 whip of venom
 r - a +0 flail (weapon)
Missiles
 g - 9 poisoned needles
Jewellery
 k - a cursed ring of teleportation {unknown}
Scrolls
 c - a scroll of fog {unknown}
 e - 4 scrolls of remove curse {unknown}
 h - 2 scrolls of magic mapping {unknown}
 j - 3 scrolls of identify {unknown}
 m - a scroll of immolation {unknown}
 o - a scroll of fear {unknown}
Potions
 d - 2 potions of curing {unknown}
 i - a potion of flight {unknown}
 l - a potion of mutation {unknown}
 n - a potion of might {unknown}
Comestibles
 b - 2 bread rations
 f - 3 meat rations
 q - a chunk of flesh


   Skills:
 + Level 3.8 Fighting
 * Level 5.1 Maces & Flails
 + Level 2.6 Throwing
 + Level 3.6 Dodging


You had 5 spell levels left.
You didn't know any spells.

Dungeon Overview and Level Annotations

Branches:
Dungeon (3/15)

Altars:
Ru
Vehumet

Annotations:
D:3 Sigmund


Innate Abilities, Weirdness & Mutations

You cannot wear most types of armour.
You are amphibious.
You can wear up to eight rings at the same time.
You can use your tentacles to constrict eight enemies at once.
Your skin changes colour to match your surroundings (Stealth).
Your rubbery body absorbs attacks (AC +1).


Message History

Trog accepts your kill.
You feel sick. The bat hits you but does no damage.
You feel sick.
Sigmund points at you and mumbles some strange words.
The magic dart hits you! The bat closely misses you.
You feel sick. The bat misses you.
You feel sick. The bat misses you.
You feel sick. The bat barely misses you.
Sigmund gestures at you while chanting. The puff of flame misses you.
The bat hits you.
You feel sick. The bat misses you.
You feel sick. The bat hits you.
You feel sick. The bat hits you.
* * * LOW HITPOINT WARNING * * *
Sigmund points at you and mumbles some strange words.
You are confused.
You feel sick. The bat closely misses you.
Sigmund gestures at you while chanting. The puff of flame hits you!
You die...

..........## #.#######......#
........@.# ##.####.....##.##
..........# ###..##.......##.##
.#........###...###...>...##.##
...........##.### #..........#.
.......##.....# ##...........)
....... #....### #.............
........#..#..b# #............[
....S.$...####@###.............
......#...###.................
.........#.................
###.##.....###....#........
..#.......##.#..#........
#.###.#.##.#.##........ .
#.#..#.#.##........
#..........#.......
#.............)....


You could see Sigmund and a bat.

Vanquished Creatures
  Crazy Yiuf (D:2)
  2 orc wizards
  Terence (D:2)
  8 adders
  An ooze (D:3)
  5 giant geckos
  2 orcs (D:3)
  4 giant cockroaches
  7 goblins
  6 hobgoblins
  4 jackals
  A quokka (D:2)
  A ball python (D:2)
  15 bats
  10 giant newts
  9 kobolds
  11 rats
88 creatures vanquished.

Vanquished Creatures (others)
  A dart slug (D:2)
1 creature vanquished.

Grand Total: 89 creatures vanquished

Notes
Turn   | Place    | Note
--------------------------------------------------------------
     0 | D:1      | AlphabetPasta the Octopode Berserker began the quest for the Orb.
     0 | D:1      | Reached XP level 1. HP: 16/16 MP: 1/1
   110 | D:1      | Reached XP level 2. HP: 17/21 MP: 2/2
   388 | D:1      | Reached skill level 1 in Throwing
   390 | D:1      | Reached XP level 3. HP: 12/26 MP: 3/3
   748 | D:2      | Reached ** piety under Trog
   900 | D:2      | Reached skill level 4 in Maces & Flails
  1036 | D:2      | Reached XP level 4. HP: 31/31 MP: 4/4
  1275 | D:2      | Found a radiant altar of Vehumet.
  1378 | D:2      | Noticed Terence
  1397 | D:2      | Killed Terence
  1397 | D:2      | Reached XP level 5. HP: 36/36 MP: 5/5
  1479 | D:2      | Noticed Crazy Yiuf
  1483 | D:2      | Killed Crazy Yiuf
  1701 | D:2      | Found a sacrificial altar of Ru.
  1939 | D:3      | Reached *** piety under Trog
  1945 | D:3      | Reached skill level 5 in Maces & Flails
  2134 | D:3      | Reached XP level 6. HP: 31/43 MP: 6/6
  2407 | D:3      | Noticed Sigmund
  2420 | D:3      | Killed from afar by Sigmund

Vault maps used:
D:1:      dpeg_arrival_tiny_g
D:2:      fiery_altar_vehumet, nicolae_ru_great_annihilating_truth,
          minmay_misc_feat_x, minmay_newt_pond, uniq_crazy_yiuf_cottage,
          uniq_terence
D:3:      uniq_sigmund, uniq_robin

Skill      XL: |  1  2  3  4  5 |
---------------+----------------+-----
Throwing       | 1 2 |  2.6
Maces & Flails | 4 5 |  5.1
Fighting       | |  3.8
Dodging        | |  3.6

Action                   |  1- 3 |  4- 6 || total
-------------------------+-------+-------++-------
Melee: Mace              |    72 |    92 ||   164
       Constrict         |    20 |    29 ||    49
       Tentacles         |    12 |    19 ||    31
       Flail             |       |    11 ||    11
Invok: Berserk           |       |     3 ||     3
       Trog's Hand       |       |     1 ||     1
 Stab: Sleeping          |     6 |     4 ||    10
       Distracted        |       |     1 ||     1
       Invisible         |       |     1 ||     1
  Eat: Chunk             |       |     8 ||     8
Armor: Skin              |     5 |    10 ||    15
Dodge: Dodged            |    43 |    71 ||   114
